 Dungeon Crawl Stone Soup version 0.26-b1-32-g5d43845318 (webtiles) character file.

Game seed: 5923997508617744328

85 MajorAdolf the Sneak (level 4, -4/40 HPs)
             Began as a Naga Wanderer on Jan 9, 2021.
             Killed by divine providence
             ... invoked by an orc priest
              (11 damage)
             ... on level 3 of the Dungeon.
             The game lasted 00:02:25 (1939 turns).

MajorAdolf the Sneak (Naga Wanderer)                Turns: 1939, Time: 00:02:25

Health: -4/40      AC:  8    Str: 15    XL:     4   Next: 48%
Magic:  4/4        EV:  7    Int: 11    God:
Gold:   62         SH:  0    Dex: 12    Spells: 3/3 levels left

rFire    . . .     SeeInvis +   c - +0 shortbow
rCold    . . .     Faith    .   (shield currently unavailable)
rNeg     . . .     Spirit   .   b - +2 scale mail
rPois    +         Reflect  .   f - +0 helmet
rElec    .         Harm     .   j - +0 cloak
rCorr    .         Rampage  .   (no gloves)
Will     .....                  (no barding)
Stlth    +.........             (no amulet)
HPRegen  0.13/turn              (no ring)
MPRegen  0.09/turn              (no ring)

@: short of breath, very slow
A: large, see invisible, deformed body, poison resistance, slowness 2, spit
poison 1, AC +1
a: Spit Poison


You were on level 3 of the Dungeon.
You visited 1 branch of the dungeon, and saw 3 of its levels.

You collected 62 gold pieces.

Inventory:

Hand Weapons
 a - a +0 falchion
 c - a +0 shortbow (weapon)
 e - a +0 dagger
Missiles
 d - 73 arrows (quivered ammo)
Armour
 b - a +2 scale mail (worn)
 f - a +0 helmet (worn)
 j - a +0 cloak (worn)
Scrolls
 g - 2 scrolls of identify {unknown}
 k - a scroll of enchant armour {unknown}
 n - 3 scrolls of enchant weapon {unknown}
 o - a scroll of remove curse {unknown}
 p - a scroll of noise {unknown}
 s - a scroll of blinking {unknown}
Potions
 h - 3 potions of curing {unknown}
 i - a potion of degeneration {unknown}
 l - a potion of heal wounds {unknown}
 m - a potion of attraction {unknown}
 q - a potion of mutation {unknown}
 r - a potion of magic {unknown}


   Skills:
 + Level 2.7 Fighting
 - Level 2.0 Long Blades
 - Level 1.0 Bows
 + Level 1.6 Armour
 + Level 1.1 Dodging
 - Level 4.4 Stealth
 + Level 1.6 Shields
 - Level 1.0 Evocations


You had 3 spell levels left.
You didn't know any spells.
Your spell library was empty.

Dungeon Overview and Level Annotations

Branches:
Dungeon (3/15)

Altars:


Innate Abilities, Weirdness & Mutations

You cannot wear boots.
Your serpentine skin is tough. (AC +1)
You have supernaturally acute eyesight. (SInv)
Armour fits poorly on your strangely shaped body.
Your system is resistant to poisons. (rPois)
You cover ground very slowly.
You can spit poison.


Message History

The orc priest invokes the aid of Beogh against you.
Beogh smites you!
The orc priest hits you but does no damage.
You are too injured to fight recklessly!
You are too injured to fight recklessly!
Unknown command.
Unknown command.
You are too injured to fight recklessly!
You are too injured to fight recklessly!
Unknown command.
Press: ? - help, Shift-Dir - straight line, f/p - orc priest
Aim: an orc priest, wielding a +0 hand axe and wearing a +0 leather armour (moderately wounded)
The splash of poison hits the orc priest.
The orc priest is heavily wounded.
The orc priest invokes the aid of Beogh against you.
Beogh smites you!
* * * LOW HITPOINT WARNING * * *
The orc priest invokes the aid of Beogh against you.
Beogh smites you!
You die...

.....# .....#
......
.##.########
.............
.##.........#
.##.....# #.#
## .##.....#
#.######(.####
.##.....#
#.....@o(.((..
.##.....#
#.......(..(..
###.....#
#........o((..
..'.....#
#.########...(
###.....# #(#
... ........#
#.# ..
.#......###.#
#
.#.##'#.....#
##.##.#.#####


You could see 2 orc priests.

Vanquished Creatures
  Jessica (D:3)
  An adder (D:2)
  2 worms
  2 dart slugs (D:1)
  2 leopard geckos
  4 orcs (D:3)
  2 giant cockroaches (D:1)
  5 goblins
  2 hobgoblins
  A ball python (D:2)
  5 bats
  10 frilled lizards
  A kobold (D:3)
  2 rats
40 creatures vanquished.

Notes
Turn   | Place    | Note
-------+----------+-------------------------------------------
     0 | D:1      | MajorAdolf the Naga Wanderer began the quest for the Orb.
     0 | D:1      | MajorAdolf set off with the following items: a +0 falchion,
                  | a +2 scale mail, a +0 shortbow, 26 arrows, a +0 dagger
     0 | D:1      | Reached XP level 1. HP: 18/18 MP: 1/1
   411 | D:1      | Reached XP level 2. HP: 25/26 MP: 2/2
  1083 | D:2      | Reached XP level 3. HP: 32/32 MP: 3/3
  1614 | D:2      | Found a faded altar of an unknown god.
  1758 | D:3      | Noticed Jessica
  1760 | D:3      | Killed Jessica
  1761 | D:3      | Reached skill level 1 in Dodging
  1761 | D:3      | Reached XP level 4. HP: 40/40 MP: 4/4
  1939 | D:3      | Killed from afar by an orc priest

Illustrated notes

Levels and vault maps discovered:
D:1:      nicolae_arrival_memento_mori, layout_basic, minmay_lizard_pond
D:2:      layout_basic, chequers_ecumenical_altar_simple
D:3:      layout_basic, elyvilon_altar_1, okawaru_metal_pillars_1_2,
          uniq_jessica

Skill      XL: |  1  2  3 |
---------------+----------+-----
Fighting       | 2 |  2.7
Dodging        | 1 |  1.1
Long Blades    | |  2.0
Bows           | |  1.0
Armour         | |  1.6
Stealth        | |  4.4
Shields        | |  1.6
Evocations     | |  1.0

Action                   |  1- 3 |  4- 6 || total
-------------------------+-------+-------++-------
 Fire: Shortbow          |   103 |    25 ||   128
 Abil: Spit Poison       |     1 |     1 ||     2
Armor: Scale mail        |    37 |     7 ||    44
Dodge: Dodged            |    22 |     3 ||    25
